 Dungeon Crawl Stone Soup version 0.30-a0-778-g2ef04afb54 (console) character file.

Game seed: 8385289898110742095

449 rlgrobin the Cleaver (level 7, -5/57 HPs)
             Began as a Meteoran Fighter on Feb 17, 2023.
             Slain by Blork the orc
             ... wielding a +0 scimitar
              (11 damage)
             ... on level 6 of the Dungeon.
             The game lasted 00:03:12 (640 turns).

rlgrobin the Cleaver (Meteoran Fighter)              Turns: 640, Time: 00:03:13

Health: -5/57      AC:  6    Str: 19    XL:     7   Next: 50%
Magic:  8/8        EV:  9    Int:  9    God:
Gold:   30         SH:  5    Dex: 15    Spells: 6/6 levels left

rFire   . . .      SeeInvis .    a - +0 war axe
rCold   . . .      Faith    .    c - +0 buckler
rNeg    . . .      Spirit   .    b - +0 scale mail
rPois   .          Reflect  .    (no helmet)
rElec   .          Harm     .    (no cloak)
rCorr   .          Rampage  .    (no gloves)
Will    .....                    (no boots) Stlth
                                 (no amulet)
HPRegen 0.29/turn                (no ring)
MPRegen 0.11/turn                (no ring)

@: glowing
A: sense surroundings 1, otherworldly, glowing, explore regen
a: no special abilities


You were on level 6 of the Dungeon.
You visited 1 branch of the dungeon, and saw 7 of its levels.

You collected 30 gold pieces.

Inventory:

Hand Weapons
 a - a +0 war axe (weapon)
Armour
 b - a +0 scale mail (worn)
 c - a +0 buckler (worn)
Wands
 m - a wand of roots (1)
Scrolls
 e - a scroll of acquirement {unknown}
 f - a scroll of noise {unknown}
 g - a scroll of poison {unknown}
 h - a scroll of enchant weapon {unknown}
 j - a scroll of summoning {unknown}
 k - a scroll of enchant armour {unknown}
Potions
 i - a potion of attraction


   Skills:
 - Level 3.2 Fighting
 + Level 8.8 Axes
 - Level 3.6 Armour
 - Level 3.6 Shields


You had 6 spell levels left.
You didn't know any spells.
Your spell library contained the following spells:

 Spells                   Type           Power      Damage    Failure   Level
 Tukima's Dance           Hex            0%         N/A       99%         3
 Passage of Golubria      Tloc           0%         N/A       100%        4
 Yara's Violent Unravell  Hex/Tmut       0%         3d3       100%        5


Dungeon Overview and Level Annotations

Branches:
Dungeon (7/15) Zot: 3524   Temple (0/1) D:6

Altars:

Annotations:
D:6 Blork the orc


Innate Abilities, Weirdness & Mutations

You passively map a small area around you.
You are easily found by Zot.
You glow in the dark.
You regain HP and MP as you explore.


Message History

The hound is almost dead.
The hound bites you. x2
* * * LOW HITPOINT WARNING * * *
You hit the hound but do no damage.
The hound is almost dead.
The hound bites you.
* * * LOW HITPOINT WARNING * * *
You hit the hound but do no damage.
The hound is almost dead.
The hound barely misses you. You block the hound's attack.
You barely miss the hound.
The hound is almost dead.
The hound bites you but does no damage.
Blork the orc casts a cantrip, but nothing happens.
You hit the hound.
You kill the hound!
You completely miss Blork the orc. You block Blork the orc's attack.
Blork the orc barely misses you.
You hit Blork the orc.
Blork the orc is moderately wounded.
Blork the orc hits you with a +0 scimitar.
* * * LOW HITPOINT WARNING * * *
You block Blork the orc's attack.
You hit Blork the orc.
Blork the orc is moderately wounded.
Blork the orc casts a spell at you. The magic dart hits you.
* * * LOW HITPOINT WARNING * * *
You hit Blork the orc.
Blork the orc is moderately wounded.
Blork the orc barely misses you.
Blork the orc hits you with a +0 scimitar.
* * * LOW HITPOINT WARNING * * *
You closely miss Blork the orc.
Blork the orc is moderately wounded.
Blork the orc points at you and mumbles some strange words.
The magic dart hits you.
* * * LOW HITPOINT WARNING * * *
Blork the orc hits you with a +0 scimitar!
You die...

* *,*,* #.##.##.#*,,,,,* *,* *
*,*,* #.......#*,,,,,***,** *
*,*.###.......##,,,,,,,,,,,
*******,*............,,,,,,***,,,
*,,,,,,,,,,.....o..#***,,,,***,*,
*,***********#.KKo.#####**,,,,,*,
*,* **#Koo.....,,,,,***, ,,*
#o#######****** *, *,* #@# *, *,*
#.# *, #.# #.# *, #.# ##* #.# *,
..#*#.##########.# **
..##,#.#.....<...## *
..#.###...........# *
..##.#.#.########.# * ..##...#.#
#.# *


You could see Blork the orc (fast), 3 orcs and 3 kobolds.

Vanquished Creatures
  An ice beast (D:5)
  A kobold brigand (D:6)
  A bullfrog (D:6)
  A hound (D:6)
  An orc priest (D:4)
  2 iguanas (D:4)
  2 orc wizards (D:4)
  3 gnolls (D:5)
  2 adders
  2 orcs (D:4)
  4 endoplasms
  A giant cockroach (D:3)
  2 goblins
  A hobgoblin (D:4)
  2 jackals (D:4)
  A quokka (D:3)
  3 ball pythons
  2 frilled lizards
  4 kobolds
  A rat (D:2)
37 creatures vanquished.

Notes
Turn   | Place    | Note
-------+----------+-------------------------------------------
     0 | D:1      | rlgrobin the Meteoran Fighter began the quest for the Orb.
     0 | D:1      | Reached XP level 1. HP: 19/19 MP: 2/2
   105 | D:2      | Reached skill level 3 in Axes
   105 | D:2      | Reached XP level 2. HP: 24/26 MP: 3/3
   193 | D:3      | Reached XP level 3. HP: 19/31 MP: 4/4
   229 | D:4      | Reached skill level 4 in Axes
   245 | D:4      | Reached XP level 4. HP: 29/38 MP: 5/5
   248 | D:4      | Reached skill level 5 in Axes
   250 | D:4      | Reached XP level 5. HP: 12/45 MP: 6/6
   284 | D:4      | Reached skill level 6 in Axes
   314 | D:4      | Reached XP level 6. HP: 27/51 MP: 7/7
   324 | D:5      | Entered Level 5 of the Dungeon
   352 | D:5      | HP: 2/51 [gnoll/+0 flail (3)]
   391 | D:5      | Noticed an ice beast
   405 | D:5      | Killed an ice beast
   406 | D:5      | Reached skill level 7 in Axes
   460 | D:7      | Noticed an orc warrior
   604 | D:6      | Noticed Blork the orc
   618 | D:6      | Reached skill level 8 in Axes
   618 | D:6      | Reached XP level 7. HP: 34/57 MP: 8/8
   640 | D:6      | Slain by Blork the orc

Illustrated notes

Levels and vault maps discovered:
D:1:      saegor_arrival_simple_e, layout_loops_corners,
          chequers_serial_rivers_small_3
D:2:      layout_loops_cross, serial_shops, shop, bh_walls_and_bars,
          uniq_sigmund, uniq_terence, uniq_crazy_yiuf_cottage
D:3:      layout_basic, fedhas_altar_2, lightli_corner_chamber
D:4:      layout_gridville
D:5:      layout_loops_cross, serial_shops, shop_fountains
D:6:      layout_loops_ring, mainiacjoe_overflow_alcove_2,
          minmay_temple_entry_fiery, uniq_grinder, uniq_eustachio, uniq_maggie,
          uniq_blork_the_orc
D:7:      layout_cave_pools, gammafunk_temple_overflow_forgotten

Skill      XL: |  1  2  3  4  5  6 |
---------------+-------------------+-----
Axes           | 3 4 5 6 8 |  8.8
Fighting       | |  3.2
Armour         | |  3.6
Shields        | |  3.6

Action                     |  1- 3 |  4- 6 |  7- 9 || total
---------------------------+-------+-------+-------++-------
  Melee: War axe           |    47 |    73 |    23 ||   143
    Use: Potion            |     1 |       |       ||     1
         Scroll            |       |     4 |       ||     4
 Armour: Scale mail        |    33 |    23 |     6 ||    62
  Dodge: Dodged            |    25 |    33 |     4 ||    62
  Block: Buckler           |    12 |    15 |     5 ||    32

Table legend: (Time is in decaauts)
 A = Elapsed time spent in this place.
 B = Non-inter-level travel time spent in this place.
 C = Inter-level travel time spent in this place.
 D = Time resting spent in this place.
 E = Time spent auto-exploring this place.
 F = Levels seen in this place.
 G = Mean time per level.
                   A        B        C        D        E       F      G
               +--------+--------+--------+--------+--------+-----+--------+
         Total |    674 |    674 |      0 |      0 |      0 |   7 |   96.3 |
       Dungeon |    674 |    674 |      0 |      0 |      0 |   7 |   96.3 |
               +--------+--------+--------+--------+--------+-----+--------+

Top non-repeatable levels by time:
     D:6: 213 daAuts
     D:2: 125 daAuts
     D:4: 121 daAuts
     D:5: 109 daAuts
     D:3: 72 daAuts
     D:1: 28 daAuts
     D:7: 3 daAuts
